Map: Jagannatha EC

Players

Absolom - Winner!

  • Race: Terran Terran
  • League: Platinum
  • Spawn Location: 7:00

Lolohyhy

  • Race: Protoss Protoss
  • League: Platinum
  • Spawn Location: 1:00

VOD

Have the link to the VOD?

Description

Time

  • Played on: Jan. 4, 2021, 3:20 p.m.
  • Length: 10:38
Show
View Real Time Build Order
Export as new Build Order

Absolom Terran - Winner!

Build Orders:  

Get SALT Encoding   

  12  0:00  SCV  
  13  0:12  SCV  
  14  0:18  Supply Depot  
  14  0:24  SCV  
  15  0:39  SCV  
  15  0:40  Barracks  
  16  0:46  Refinery  
  16  0:52  SCV  
  17  1:04  SCV  
  18  1:16  SCV  
  19  1:28  Orbital Command  
  19  1:29  Marine  
  19  1:31  Supply Depot  
  20  1:49  Marine  
  21  2:04  Command Center  
  21  2:09  Factory  
  21  2:16  SCV  
  22  2:23  Refinery  
  22  2:26  Marine  
  23  2:30  SCV  
  24  2:38  Bunker  
  24  2:42  SCV  
  24  2:43  Supply Depot  
  25  2:51  Marine  
  25  2:54  SCV  
  25  2:58  Starport  
  27  3:06  SCV  
  28  3:14  Supply Depot  
  28  3:17  Orbital Command  
  28  3:20  SCV  
  28  3:23  Widow Mine  
  31  3:27  Marine  
  31  3:32  SCV  
  33  3:35  Medivac  
  35  3:42  Supply Depot  
  35  3:44  SCV x2  
  35  3:47  Widow Mine  
  39  3:56  SCV  
  39  4:01  SCV  
  41  4:05  Barracks Tech Lab  
  41  4:08  SCV  
  42  4:12  Widow Mine  
  42  4:16  SCV  
  45  4:20  Engineering Bay, SCV  
  46  4:28  SCV  
  47  4:32  Stimpack  
  47  4:37  SCV  
  47  4:38  Factory Tech Lab  
  48  4:39  Starport Reactor  
  48  4:41  Command Center  
  48  4:44  SCV  
  49  4:46  Barracks  
  49  4:48  Barracks  
  49  4:50  SCV  
  49  4:51  Marine  
  51  4:58  Siege Tank  
  54  5:08  Marine  
  54  5:11  SCV x2  
  57  5:20  Medivac x2  
  61  5:23  SCV x2  
  61  5:26  Marine  
  64  5:35  SCV  
  65  5:38  SCV  
  65  5:41  Barracks Tech Lab  
  67  5:44  Marine, Barracks Reactor  
  67  5:45  Siege Tank  
  70  5:52  SCV  
  71  5:59  Refinery  
  71  6:00  Refinery  
  71  6:02  Marine  
  72  6:06  Marine, Supply Depot x2  
  73  6:20  Marine  
  73  6:23  Marine, SCV  
  73  6:24  SCV  
  73  6:25  Marine, Terran Infantry Weapons Level 1  
  77  6:26  Marine  
  77  6:27  Combat Shield  
  77  6:29  Concussive Shells  
  77  6:30  Supply Depot  
  77  6:36  SCV  
  77  6:38  Marine  
  79  6:41  Armory  
  79  6:42  Engineering Bay, Missile Turret  
  79  6:44  Marine x3  
  79  6:47  Missile Turret  
  82  6:50  SCV x2  
  85  6:55  Marine  
  85  6:58  Orbital Command  
  85  7:02  Marine, SCV x2  
  88  7:14  SCV x2  
  88  7:17  Medivac x2  
  88  7:22  Marine x4  
  94  7:23  Supply Depot  
  94  7:24  Supply Depot x2  
  94  7:25  Siege Tank  
  94  7:26  SCV x2  
  94  7:28  SCV  
  102  7:34  Terran Infantry Armor Level 1  
  102  7:37  Terran Vehicle Weapons Level 1  
  102  7:38  SCV  
  102  7:39  SCV  
  102  7:40  Marine x2  
  102  7:41  Marauder x2  
  110  7:47  Refinery, Supply Depot  
  110  7:48  Refinery  
  110  7:57  Siege Tank  
  110  7:58  Marine x2  
  115  8:01  Marine  
  115  8:02  Marauder  
  118  8:15  Marine  
  118  8:16  Marine  
  121  8:20  Marauder  
  121  8:24  Marauder  
  118  8:33  Marine x2  
  110  8:37  SCV x2  
  110  8:41  Siege Tank, Marauder  
  109  8:45  Marauder  
  109  8:51  Marine x2  
  111  9:01  Liberator  
  111  9:02  Marine, Liberator, SCV x2  
  120  9:04  SCV  
  120  9:06  Marauder  
  120  9:09  Marine x2  
  125  9:13  Siege Tank  
  125  9:14  SCV  
  129  9:20  Marauder  
  129  9:21  Barracks  
  131  9:24  Barracks  
  131  9:27  Marine x3  
  134  9:36  SCV  
  135  9:41  Marine  
  135  9:43  Command Center  
  135  9:44  Marine  
  135  9:45  Marine x2, Siege Tank  
  142  9:47  Factory  
  142  9:48  Supply Depot  
  142  9:49  Supply Depot  
  142  9:50  Supply Depot  
  147  10:00  Marauder  
  147  10:02  Marine x2  
  149  10:10  SCV x2, Marauder  
  149  10:13  Supply Depot  
  153  10:19  Marine x2  
Show
View Real Time Build Order
Export as new Build Order

Lolohyhy Protoss 

Build Orders: 1 Gate Expand 

Get SALT Encoding   

  12  0:00  Probe  
  13  0:24  Pylon  
  13  0:25  Probe (Chrono Boost)  
  14  0:37  Probe (Chrono Boost)  
  15  0:44  Gateway, Probe (Chrono Boost)  
  16  0:53  Assimilator  
  16  0:56  Probe  
  17  1:08  Probe  
  18  1:20  Probe  
  19  1:31  Nexus  
  19  1:35  Probe  
  20  1:45  Cybernetics Core  
  20  1:49  Probe  
  20  2:01  Probe  
  21  2:06  Assimilator  
  21  2:13  Probe  
  22  2:19  Warp Gate (Chrono Boost)  
  22  2:25  Probe  
  22  2:27  Pylon  
  23  2:37  Pylon  
  23  2:42  Stalker  
  25  2:48  Probe x2  
  27  2:56  Gateway  
  27  2:59  Gateway  
  27  3:00  Probe  
  27  3:02  Probe  
  29  3:11  Pylon  
  29  3:15  Probe  
  29  3:16  Probe  
  31  3:25  Robotics Facility  
  31  3:27  Probe  
  31  3:29  Probe  
  33  3:46  Probe (Chrono Boost)  
  33  3:47  Probe (Chrono Boost)  
  35  3:58  Probe x2 (Chrono Boost)  
  35  4:00  Stalker x3  
  43  4:07  Probe  
  43  4:08  Probe  
  45  4:15  Observer (Chrono Boost)  
  44  4:28  Observer (Chrono Boost)  
  44  4:31  Twilight Council  
  45  4:34  Forge  
  45  4:41  Stalker  
  45  4:42  Stalker x2  
  45  4:43  Gateway  
  45  4:44  Gateway  
  45  4:45  Pylon  
  51  4:46  Probe  
  51  4:47  Probe  
  51  4:52  Assimilator  
  53  4:54  Assimilator  
  45  5:23  Stalker x2  
  45  5:24  Stalker  
  51  5:35  Observer (Chrono Boost)  
  52  5:40  Probe  
  52  5:41  Probe  
  54  5:46  Stalker  
  54  5:47  Stalker  
  58  6:01  Probe (Chrono Boost)  
  58  6:02  Probe (Chrono Boost)  
  60  6:11  Probe x2 (Chrono Boost)  
  62  6:15  Probe (Chrono Boost)  
  61  6:36  Warp Prism (Chrono Boost)  
  63  6:46  Stalker x2, Templar Archives  
  67  6:47  Stalker  
  67  6:54  Pylon, Probe (Chrono Boost)  
  69  6:55  Protoss Ground Weapons Level 1 (Chrono Boost), Pylon  
  69  6:56  Pylon  
  70  7:10  Probe (Chrono Boost)  
  70  7:12  Probe (Chrono Boost), Photon Cannon  
  70  7:20  Probe  
  71  7:24  Probe  
  71  7:28  Photon Cannon  
  72  7:44  Stalker x5  
  82  8:08  High Templar x2  
  82  8:09  High Templar x2  
  82  8:10  Stalker  
  92  8:21  Archon x2  
  92  8:26  Nexus  
  60  8:43  Zealot x3  
  60  8:44  Zealot  
  56  8:52  Stalker  
  52  9:00  Stalker  
  52  9:01  Probe x2  
  56  9:12  Pylon, Stalker  
  56  9:13  Stalker x3, Probe x2  
  66  9:24  Stalker  
  66  9:25  Probe x2  
  66  9:29  Observer (Chrono Boost)  
  71  9:45  Zealot  
  71  9:46  Zealot x3  
  79  9:53  Probe  
  79  9:54  Probe  
  79  9:56  Probe  
  82  10:05  Probe  
  82  10:06  Probe  
  84  10:08  Probe  
  84  10:09  High Templar x4  
  84  10:10  High Templar  
  95  10:15  Archon x2  
Tags
 
Add a new tag
Caveats
  • Supply blocks, unpowered buildings, or Contaminate may cause inaccurate times.
  • Supply counts are checked every 10 seconds.